 Dungeon Crawl Stone Soup version 0.24-a0-494-g17ce2c7 (webtiles) character file.

Game seed: 16823935544263028186

227 ssg the Skirmisher (level 5, -4/44 HPs)
             Began as a Demonspawn Gladiator on July 12, 2019.
             Was an Initiate of Makhleb.
             Killed by divine providence
             ... invoked by an orc priest
              (12 damage)
             ... on level 3 of the Dungeon.
             The game lasted 00:03:39 (2385 turns).

ssg the Skirmisher (Demonspawn Gladiator)           Turns: 2385, Time: 00:03:39

Health: -4/44      AC:  9    Str: 15    XL:     5   Next: 70%
Magic:  14/14      EV: 10    Int: 10    God:    Makhleb [......]
Gold:   203        SH: 10    Dex: 14    Spells: 4/4 levels left

rFire    . . .     SeeInvis .   a - +0 long sword
rCold    . . .     Gourm    .   h - +0 shield
rNeg     . . .     Faith    .   b - +0 leather armour
rPois    .         Spirit   .   (helmet restricted)
rElec    .         Reflect  +   q - +0 cloak
rCorr    .         Harm     .   (no gloves)
MR       .....                  (no boots)
Stlth    +.........             w - +2 amulet of reflection
HPRegen  0.14/turn              l - ring of magical power
MPRegen  0.14/turn              m - +3 ring of protection

@: no status effects
A: horns 1, thin metallic scales 1, spiny 1
a: Renounce Religion


You were on level 3 of the Dungeon.
You worshipped Makhleb.
Makhleb was noncommittal.
You were not hungry.

You visited 1 branch of the dungeon, and saw 3 of its levels.

You collected 203 gold pieces.

Inventory:

Hand Weapons
 a - a +0 long sword (weapon)
Missiles
 d - 3 throwing nets (quivered)
 o - 6 silver javelins
Armour
 b - a +0 leather armour (worn)
 c - a +0 helmet
 h - a +0 shield (worn)
 q - a +0 cloak (worn)
Jewellery
 l - a ring of magical power (left hand)
 m - a +3 ring of protection (right hand)
 w - a +2 amulet of reflection (around neck)
Scrolls
 j - a scroll of remove curse {unknown}
 p - a scroll of enchant weapon {unknown}
 r - a scroll of random uselessness {unknown}
 s - a scroll of magic mapping {unknown}
 t - a scroll of identify {unknown}
 u - 2 scrolls of teleportation {unknown}
Potions
 e - a potion of lignification {unknown}
 g - a potion of experience {unknown}
 i - a potion of heal wounds {unknown}
 k - 2 potions of haste {unknown}
 n - a potion of curing {unknown}
Comestibles
 f - 3 rations
 v - a chunk of flesh


   Skills:
 + Level 5.1 Fighting
 + Level 3.3 Long Blades
 - Level 1.7 Throwing
 - Level 2.6 Dodging
 + Level 1.7 Shields


You had 4 spell levels left.
You didn't know any spells.
Your spell library was empty.

Dungeon Overview and Level Annotations

Branches:
Dungeon (3/15)

Altars:
Cheibriados
Elyvilon
Makhleb
Sif Muna
Uskayaw


Innate Abilities, Weirdness & Mutations

You have a pair of small horns on your head.
You are partially covered in thin metallic scales. (AC +2)
You are partially covered in sharp spines.


Message History

The orc throws a boomerang.
You reflect the boomerang off an invisible shield around you!
The boomerang hits the orc.
The weapon returns to the orc!
You closely miss the orc.
The orc is severely wounded.
An orc priest comes into view.
You block the orc's attack.
You closely miss the orc.
The orc is severely wounded.
The orc priest invokes the aid of Beogh against you.
Beogh smites you!
* * * LOW HITPOINT WARNING * * *
You block the orc's attack. The orc is struck by your spines.
The orc closely misses you.
You riposte.
You hit the orc.
The orc is severely wounded.
An orc comes into view. It is wielding a +0 dagger.
The orc shouts!
The orc priest invokes the aid of Beogh against you.
Beogh smites you!
You die...

..##.###...## #
..##........# .
..##..##...####.#
....)..÷........# #
.......†......# .#
...<.#.##.###.#####.#
....###.....).......#
#..#
##....)..oo.####.#
##+
#.#.......@o.....#
#.######.###o######
## #.# .# #.# .# #.#
.# ..# .# ### .# ..


You could see an orc priest and 3 orcs.

Vanquished Creatures
  A hound (D:2)
  An orc priest (D:3)
  8 gnolls (D:2)
  2 adders (D:2)
  A worm (D:3)
  4 dart slugs
  A leopard gecko (D:3)
  4 orcs (D:3)
  7 giant cockroaches
  5 goblins
  7 hobgoblins
  4 jackals
  4 kobolds
  A quokka (D:2)
  2 bats
  3 frilled lizards (D:1)
  5 rats
60 creatures vanquished.

Vanquished Creatures (others)
  A goblin (D:3)
  A rat (D:3)
2 creatures vanquished.

Grand Total: 62 creatures vanquished

Notes
Turn   | Place    | Note
-------+----------+-------------------------------------------
     0 | D:1      | ssg the Demonspawn Gladiator began the quest for the Orb.
     0 | D:1      | Reached XP level 1. HP: 16/16 MP: 1/1
   138 | D:1      | Gained mutation: You are partially covered in thin metallic
                  | scales. (AC +2) [demonic ancestry]
   138 | D:1      | Reached XP level 2. HP: 23/23 MP: 2/2
   309 | D:1      | Reached skill level 3 in Fighting
  1023 | D:1      | Gained mutation: You are partially covered in sharp spines.
                  | [demonic ancestry]
  1023 | D:1      | Reached XP level 3. HP: 29/29 MP: 3/3
  1322 | D:2      | Reached skill level 4 in Fighting
  1347 | D:2      | Found a deep blue altar of Sif Muna.
  1513 | D:2      | Gained mutation: You have a pair of small horns on your
                  | head. [demonic ancestry]
  1513 | D:2      | Reached XP level 4. HP: 35/38 MP: 4/4
  1525 | D:2      | Reached skill level 1 in Shields
  1525 | D:2      | Reached XP level 5. HP: 25/43 MP: 5/5
  1597 | D:2      | Found a burning altar of Makhleb.
  1751 | D:2      | Became a worshipper of Makhleb the Destroyer
  1867 | D:2      | Found a hide-covered altar of Uskayaw.
  1964 | D:2      | Found a snail-covered altar of Cheibriados.
  2190 | D:3      | Reached skill level 5 in Fighting
  2223 | D:3      | Found a white marble altar of Elyvilon.
  2385 | D:3      | Killed from afar by an orc priest

Levels and vault maps discovered:
D:1:      elethiomel_arrival_infinity_welcomes_careful_drivers,
          layout_loops_ring
D:2:      layout_basic, kennysheep_slug_shrine, lemuel_crystal_altar,
          makhleb_heckhound_becter, nicolae_overflow_crystal_walls, first_ration
D:3:      layout_loops_ring, old_standard_altar, elyvilon_altar_4,
          kennysheep_minor_cross, grunt_ministairs_15

Skill      XL: |  1  2  3  4  5 |
---------------+----------------+-----
Fighting       | 3 4 5 |  5.1
Long Blades    | 3 |  3.3
Shields        | 1 |  1.7
Throwing       | |  1.7
Dodging        | |  2.6

Action                   |  1- 3 |  4- 6 || total
-------------------------+-------+-------++-------
Melee: Long sword        |    67 |    62 ||   129
       Headbutt          |       |    12 ||    12
Throw: Throwing net      |     1 |       ||     1
       Javelin           |     5 |     2 ||     7
  Eat: Chunk             |     2 |     3 ||     5
Armor: Leather armour    |    19 |    22 ||    41
Dodge: Dodged            |    32 |    19 ||    51
Block: Shield            |    18 |    29 ||    47
       Reflection        |       |     1 ||     1
       Rpst.: Long sword |     7 |     6 ||    13

Table legend:
 A = Non-vault XP
 B = Vault XP
 C = Vault XP percentage of total XP
 D = Non-vault monster count
 E = Vault monster count
 F = Vault count percentage of total count
                 A         B        C        D         E       F
            +---------+---------+-------+---------+---------+-------
      Total |     270 |      55 |  16.9 |      56 |       4 |   6.7
            +---------+---------+-------+---------+---------+-------
        D:1 |      42 |       0 |   0.0 |      23 |       0 |   0.0
        D:2 |     169 |      47 |  21.8 |      24 |       2 |   7.7
        D:3 |      59 |       8 |  11.9 |       9 |       2 |  18.2
            +---------+---------+-------+---------+---------+-------
